| TOP OF THE 1ST |
|
Fort Myers Palms batting - Pitching for Pompano Beach Stingrays : RHP Julian Gonzalez
|
|
Pitching: RHP Julian Gonzalez
|
|
|
Batting: RHB Stanley Baker
|
0-0: Called Strike 0-1: Swinging Strike 0-2: Reached on error, E5 (Groundball, 56, EV 84.4 MPH)
|
|
Batting: RHB Johnny Evans
|
0-0: Ball 1-0: Fly out, F9 (Line Drive, 9, EV 96.9 MPH)
|
|
Batting: LHB Gus Burgess
|
0-0: Called Strike Stanley Baker is caught stealing 3rd base 2-5 0-1: Called Strike 0-2: Strikes out swinging
|
| Top of the 1st over - 0 runs, 0 hits, 1 error, 0 left on base; Fort Myers 0 - Pompano Beach 0 |
| BOTTOM OF THE 1ST |
|
Pompano Beach Stingrays batting - Pitching for Fort Myers Palms : RHP Mark Jacob
|
|
Pitching: RHP Mark Jacob
|
|
|
Batting: RHB Jorge Villalobos
|
0-0: Ball 1-0: Ball 2-0: Fly out, F9 (Flyball, 89D, EV 103.8 MPH)
|
|
Batting: SHB Gene Roof
|
0-0: SINGLE (Groundball, 56D, EV 95.0 MPH)
|
|
Batting: RHB Lance Junker
|
0-0: Ball 1-0: Ball 2-0: Called Strike 2-1: Called Strike 2-2: Ball 3-2: Grounds into double play, 6-4-3 (Groundball, 6S, EV 90.6 MPH)
|
| Bottom of the 1st over - 0 runs, 1 hit, 0 errors, 0 left on base; Fort Myers 0 - Pompano Beach 0 |
| TOP OF THE 2ND |
|
Fort Myers Palms batting - Pitching for Pompano Beach Stingrays : RHP Julian Gonzalez
|
|
Batting: RHB Matt Sinatro
|
0-0: Ball 1-0: Foul Ball, location: 2F 1-1: Ground out 4-3 (Groundball, 4, EV 105.6 MPH)
|
|
Batting: RHB Lindon Duncan
|
0-0: Ball 1-0: Ball 2-0: Ball 3-0: Called Strike 3-1: Swinging Strike 3-2: Base on Balls
|
|
Batting: LHB Edgar Quintanilla
|
0-0: Called Strike 0-1: Ball 1-1: Ball 2-1: Foul Ball, location: 2F 2-2: Ball 3-2: SINGLE (Line Drive, 8RS, EV 108.1 MPH) Lindon Duncan to second
|
|
Batting: RHB Carl Nichols
|
0-0: Ball 1-0: Ball 2-0: Fielders Choice at 2nd, 2-6 (Groundball, 13S, EV 71.3 MPH) Lindon Duncan to third
|
|
Batting: SHB Porter Wyatt
|
0-0: Ball Wild Pitch! Lindon Duncan scores Carl Nichols to second 1-0: Ball 2-0: Ball 3-0: Called Strike 3-1: Foul Ball, location: 2F 3-2: Base on Balls
|
|
Batting: RHB Paul Fryer
|
0-0: Ball 1-0: Foul Ball, location: 2F 1-1: Ball Passed Ball! Carl Nichols to third Porter Wyatt to second 2-1: Ground out 6-3 (Groundball, 6, EV 88.8 MPH)
|
| Top of the 2nd over - 1 run, 1 hit, 0 errors, 2 left on base; Fort Myers 1 - Pompano Beach 0 |
| BOTTOM OF THE 2ND |
|
Pompano Beach Stingrays batting - Pitching for Fort Myers Palms : RHP Mark Jacob
|
|
Now at 1B: James Atkinson
|
|
|
Batting: RHB Mark Strucher
|
0-0: Ball 1-0: Called Strike 1-1: Swinging Strike 1-2: Ball 2-2: Ground out 4-3 (Groundball, 4, EV 101.9 MPH)
|
|
Batting: SHB Juan Molina
|
0-0: DOUBLE (Line Drive, 7LM, EV 106.9 MPH)
|
|
Batting: LHB Steve Phillips
|
0-0: Swinging Strike 0-1: Ball 1-1: Ground out 3-1 (Groundball, 34, EV 83.8 MPH) Juan Molina to third
|
|
Batting: SHB Maury Ornest
|
0-0: Ball 1-0: Ball 2-0: Called Strike 2-1: Ball 3-1: Base on Balls
|
|
Batting: RHB William Waag
|
0-0: Ball 1-0: Ball 2-0: Swinging Strike 2-1: Ball 3-1: Foul Ball, location: 2F 3-2: DOUBLE (Flyball, 8LD, EV 101.9 MPH) Juan Molina scores Maury Ornest to third Maury Ornest scores
|
|
Batting: RHB Whitney Harry
|
0-0: Called Strike 0-1: Swinging Strike 0-2: Ball 1-2: SINGLE (Groundball, 4MD, EV 94.4 MPH) William Waag to third Runner from 3rd tries for Home, SAFE, throw by CF to home Whitney Harry to second
|
|
Batting: RHB Jorge Villalobos
|
0-0: Called Strike 0-1: Foul Ball, location: 2F 0-2: Ball 1-2: Strikes out looking
|
| Bottom of the 2nd over - 3 runs, 3 hits, 0 errors, 1 left on base; Fort Myers 1 - Pompano Beach 3 |
| TOP OF THE 3RD |
|
Fort Myers Palms batting - Pitching for Pompano Beach Stingrays : RHP Julian Gonzalez
|
|
Batting: RHB Stanley Baker
|
0-0: Called Strike 0-1: Fly out, F9 (Flyball, 9LS, EV 91.9 MPH)
|
|
Batting: RHB Johnny Evans
|
0-0: SINGLE (Flyball, 6MD, EV 84.4 MPH)
|
|
Batting: LHB Gus Burgess
|
0-0: Ball 1-0: Ball 2-0: Swinging Strike 2-1: Ball 3-1: Base on Balls Johnny Evans to second
|
|
Batting: RHB Matt Sinatro
|
0-0: Foul Ball, location: 2F 0-1: Ball 1-1: Swinging Strike 1-2: Strikes out swinging
|
|
Batting: RHB Lindon Duncan
|
0-0: SINGLE (Groundball, 4MD, EV 97.5 MPH) Johnny Evans to third Gus Burgess to second Runner from 3rd tries for Home, throw by CF and OUT! 8-2
|
| Top of the 3rd over - 0 runs, 2 hits, 0 errors, 2 left on base; Fort Myers 1 - Pompano Beach 3 |
| BOTTOM OF THE 3RD |
|
Pompano Beach Stingrays batting - Pitching for Fort Myers Palms : RHP Mark Jacob
|
|
Batting: SHB Gene Roof
|
0-0: Swinging Strike 0-1: Ball 1-1: Ball 2-1: Foul Ball, location: 2F 2-2: Ball 3-2: Base on Balls
|
|
Batting: RHB Lance Junker
|
0-0: Ball 1-0: 2-RUN HOME RUN (Flyball, 7LD, EV 92.5 MPH), Distance : 375 ft
|
|
Batting: RHB Mark Strucher
|
0-0: Ball 1-0: Swinging Strike 1-1: Swinging Strike 1-2: Ball 2-2: Strikes out swinging
|
|
Batting: SHB Juan Molina
|
0-0: Ball 1-0: SINGLE (Line Drive, 7S, EV 98.1 MPH)
|
|
Pitching: RHP Thomas McLaughlin
|
|
|
Batting: LHB Steve Phillips
|
0-0: Ball 1-0: Swinging Strike 1-1: Ball 2-1: Ball 3-1: Fly out, F7 (Flyball, 7D, EV 101.9 MPH)
|
|
Batting: SHB Maury Ornest
|
0-0: Called Strike 0-1: Ball 1-1: Foul Ball, location: 2F 1-2: Ground out U3 (Groundball, 34, EV 99.4 MPH)
|
| Bottom of the 3rd over - 2 runs, 2 hits, 0 errors, 1 left on base; Fort Myers 1 - Pompano Beach 5 |
| TOP OF THE 4TH |
|
Fort Myers Palms batting - Pitching for Pompano Beach Stingrays : RHP Julian Gonzalez
|
|
Batting: LHB James Atkinson
|
0-0: Ball 1-0: Foul Ball, location: 2F 1-1: SINGLE (Line Drive, 56D, EV 98.8 MPH)
|
|
Batting: RHB Carl Nichols
|
0-0: Called Strike 0-1: Ball 1-1: Foul Ball, location: 2F 1-2: Ball 2-2: Foul Ball, location: 2F 2-2: Foul Ball, location: 2F 2-2: Ball 3-2: Foul Ball, location: 2F 3-2: Foul Ball, location: 2F 3-2: Foul Ball, location: 2F 3-2: Base on Balls James Atkinson to second
|
|
Batting: SHB Porter Wyatt
|
0-0: Ball 1-0: Swinging Strike 1-1: Called Strike 1-2: Foul Ball, location: 2F 1-2: Strikes out swinging
|
|
Batting: RHB Paul Fryer
|
0-0: Ball Wild Pitch! James Atkinson to third Carl Nichols to second 1-0: Ball 2-0: Ball 3-0: Base on Balls
|
|
Batting: RHB Stanley Baker
|
0-0: Ball 1-0: Foul Ball, location: 2F 1-1: Called Strike 1-2: Ball 2-2: Ball 3-2: Base on Balls James Atkinson scores Carl Nichols to third Paul Fryer to second
|
|
Batting: RHB Johnny Evans
|
0-0: Ball 1-0: Swinging Strike 1-1: Grounds into double play, 6-4-3 (Groundball, 6, EV 92.5 MPH)
|
| Top of the 4th over - 1 run, 1 hit, 0 errors, 2 left on base; Fort Myers 2 - Pompano Beach 5 |
| BOTTOM OF THE 4TH |
|
Pompano Beach Stingrays batting - Pitching for Fort Myers Palms : RHP Thomas McLaughlin
|
|
Batting: RHB William Waag
|
0-0: Ball 1-0: Ball 2-0: Ground out 4-3 (Groundball, 4S, EV 73.8 MPH)
|
|
Batting: RHB Whitney Harry
|
0-0: Swinging Strike 0-1: Reached on error, E6 (Groundball, 6, EV 77.5 MPH)
|
|
Batting: RHB Jorge Villalobos
|
0-0: Ball 1-0: Fly out, F9 (Flyball, 9S, EV 84.4 MPH)
|
|
Batting: SHB Gene Roof
|
0-0: Ball 1-0: Foul Ball, location: 2F 1-1: Ball 2-1: Called Strike 2-2: Fly out, F6 (Line Drive, 6, EV 66.3 MPH)
|
| Bottom of the 4th over - 0 runs, 0 hits, 1 error, 1 left on base; Fort Myers 2 - Pompano Beach 5 |
| TOP OF THE 5TH |
|
Fort Myers Palms batting - Pitching for Pompano Beach Stingrays : RHP Julian Gonzalez
|
|
Batting: LHB Gus Burgess
|
0-0: Fly out, F4 (Line Drive, 4, EV 64.4 MPH)
|
|
Batting: RHB Matt Sinatro
|
0-0: Called Strike 0-1: Swinging Strike 0-2: Ball 1-2: Ball 2-2: Foul Ball, location: 2F 2-2: Strikes out swinging
|
|
Batting: RHB Lindon Duncan
|
0-0: Called Strike 0-1: Ground out 5-3 (Groundball, 5, EV 101.3 MPH)
|
| Top of the 5th over - 0 runs, 0 hits, 0 errors, 0 left on base; Fort Myers 2 - Pompano Beach 5 |
| BOTTOM OF THE 5TH |
|
Pompano Beach Stingrays batting - Pitching for Fort Myers Palms : RHP Thomas McLaughlin
|
|
Batting: RHB Lance Junker
|
0-0: Called Strike 0-1: Fly out, F9 (Flyball, 9D, EV 105.0 MPH)
|
|
Batting: RHB Mark Strucher
|
0-0: Ball 1-0: Called Strike 1-1: Ball 2-1: Ball 3-1: Foul Ball, location: 2F 3-2: Foul Ball, location: 2F 3-2: Base on Balls
|
|
Batting: SHB Juan Molina
|
0-0: Foul Ball, location: 2F 0-1: Fly out, F8 (Line Drive, 8LD, EV 98.1 MPH)
|
|
Batting: LHB Steve Phillips
|
0-0: Ball 1-0: Called Strike 1-1: Swinging Strike 1-2: Foul Ball, location: 2F 1-2: SINGLE (Line Drive, 34D, EV 106.9 MPH) Mark Strucher to second
|
|
Batting: SHB Maury Ornest
|
0-0: Called Strike 0-1: Ball 1-1: Foul Ball, location: 2F 1-2: Ball Wild Pitch! Mark Strucher to third Steve Phillips to second 2-2: Foul Ball, location: 2F 2-2: Ball 3-2: Base on Balls
|
|
Batting: RHB William Waag
|
0-0: SINGLE (Groundball, 6, EV 99.4 MPH) Mark Strucher scores Steve Phillips to third Maury Ornest to second Runner from 3rd tries for Home, SAFE, throw by CF to home
|
|
Now in CF: Tim Brown
|
|
|
Batting: RHB Whitney Harry
|
0-0: Called Strike 0-1: SINGLE (Line Drive, 6MD, EV 97.5 MPH) Maury Ornest to third William Waag to second Runner from 3rd tries for Home, SAFE, throw by CF to home
|
|
Pitching: RHP Ignacio Martinez
|
|
|
Batting: RHB Jorge Villalobos
|
0-0: Called Strike 0-1: SINGLE (Groundball, 56D, EV 86.9 MPH) (infield hit) William Waag to third Whitney Harry to second
|
|
Batting: SHB Gene Roof
|
0-0: Ball 1-0: Called Strike 1-1: Ball 2-1: Ball 3-1: DOUBLE (Line Drive, 8RD, EV 110.6 MPH) William Waag scores Whitney Harry scores Jorge Villalobos to third Runner from 3rd tries for Home, SAFE, no throw by CF
|
|
Batting: RHB Lance Junker
|
0-0: Ball 1-0: Ball 2-0: Called Strike 2-1: Swinging Strike 2-2: Foul Ball, location: 2F 2-2: Ball 3-2: Fly out, F8 (Flyball, 8LD, EV 88.1 MPH)
|
| Bottom of the 5th over - 6 runs, 5 hits, 0 errors, 1 left on base; Fort Myers 2 - Pompano Beach 11 |
| TOP OF THE 6TH |
|
Fort Myers Palms batting - Pitching for Pompano Beach Stingrays : RHP Julian Gonzalez
|
|
Batting: LHB James Atkinson
|
0-0: Ball 1-0: Ground out U3 (Groundball, 3S, EV 65.6 MPH)
|
|
Batting: RHB Carl Nichols
|
0-0: Fly out, F9 (Flyball, 9LM, EV 94.4 MPH)
|
|
Batting: RHB Tim Brown
|
0-0: Ball 1-0: Ground out 6-3 (Groundball, 56, EV 86.9 MPH)
|
| Top of the 6th over - 0 runs, 0 hits, 0 errors, 0 left on base; Fort Myers 2 - Pompano Beach 11 |
| BOTTOM OF THE 6TH |
|
Pompano Beach Stingrays batting - Pitching for Fort Myers Palms : RHP Ignacio Martinez
|
|
Batting: RHB Mark Strucher
|
0-0: Called Strike 0-1: Ball 1-1: Ball 2-1: Foul Ball, location: 2F 2-2: Foul Ball, location: 2F 2-2: Foul Ball, location: 2F 2-2: Ball 3-2: Foul Ball, location: 2F 3-2: Base on Balls
|
|
Batting: SHB Juan Molina
|
0-0: Called Strike 0-1: Ball 1-1: Ball 2-1: Swinging Strike 2-2: SINGLE (Groundball, 6M, EV 108.1 MPH) Mark Strucher to second
|
|
Batting: LHB Steve Phillips
|
0-0: Ball 1-0: Ball 2-0: Ball 3-0: Called Strike 3-1: Base on Balls Mark Strucher to third Juan Molina to second
|
|
Batting: SHB Maury Ornest
|
0-0: Called Strike 0-1: Ball 1-1: Called Strike 1-2: Foul Ball, location: 2F 1-2: Ball 2-2: Ball 3-2: SINGLE (Line Drive, 9S, EV 110.0 MPH) Mark Strucher scores Juan Molina to third Steve Phillips to second Runner from 3rd tries for Home, SAFE, throw by RF to home
|
|
Batting: RHB William Waag
|
0-0: Ball 1-0: Fly out, F8 (Line Drive, 8LM, EV 88.8 MPH)
|
|
Pitching: RHP Steve Dunnegan
|
|
|
Batting: RHB Whitney Harry
|
0-0: Called Strike 0-1: SINGLE (Line Drive, 5D, EV 95.0 MPH) Steve Phillips to third Maury Ornest to second Runner from 3rd tries for Home, SAFE, throw by LF to home
|
|
Batting: RHB Jorge Villalobos
|
0-0: SINGLE (Line Drive, 7S, EV 93.1 MPH) Maury Ornest to third Whitney Harry to second Runner from 3rd tries for Home, SAFE, throw by LF to home
|
|
Batting: SHB Gene Roof
|
0-0: Ball 1-0: Foul Ball, location: 2F 1-1: Swinging Strike 1-2: Ball 2-2: SINGLE (Flyball, 8RM, EV 87.5 MPH) Whitney Harry to third Jorge Villalobos to second
|
|
Batting: RHB Lance Junker
|
0-0: Ball 1-0: Swinging Strike 1-1: Foul Ball, location: 2F 1-2: Foul Ball, location: 2F 1-2: Ball 2-2: Strikes out swinging
|
|
Batting: RHB Mark Strucher
|
0-0: Ball 1-0: Called Strike 1-1: Ball 2-1: Foul Ball, location: 2F 2-2: Strikes out swinging
|
| Bottom of the 6th over - 4 runs, 5 hits, 0 errors, 3 left on base; Fort Myers 2 - Pompano Beach 15 |
| TOP OF THE 7TH |
|
Fort Myers Palms batting - Pitching for Pompano Beach Stingrays : RHP Julian Gonzalez
|
|
Batting: RHB Paul Fryer
|
0-0: Fly out, F7 (Line Drive, 7, EV 90.0 MPH)
|
|
Batting: RHB Stanley Baker
|
0-0: Ball 1-0: Called Strike 1-1: Ball 2-1: Ball 3-1: Foul Ball, location: 2F 3-2: Base on Balls
|
|
Batting: RHB Johnny Evans
|
0-0: Ball 1-0: Called Strike 1-1: Grounds into double play, 4-6-3 (Groundball, 4M, EV 104.4 MPH)
|
| Top of the 7th over - 0 runs, 0 hits, 0 errors, 0 left on base; Fort Myers 2 - Pompano Beach 15 |
| BOTTOM OF THE 7TH |
|
Pompano Beach Stingrays batting - Pitching for Fort Myers Palms : RHP Steve Dunnegan
|
|
Batting: SHB Juan Molina
|
0-0: Fly out, F7 (Flyball, 78S, EV 74.4 MPH)
|
|
Batting: LHB Steve Phillips
|
0-0: Called Strike 0-1: Ball 1-1: Ground out 3-1 (Groundball, 34, EV 106.9 MPH)
|
|
Pinch Hitting: RHB Kenneth Feinberg
|
0-0: Ball 1-0: Swinging Strike 1-1: Called Strike 1-2: Strikes out swinging
|
| Bottom of the 7th over - 0 runs, 0 hits, 0 errors, 0 left on base; Fort Myers 2 - Pompano Beach 15 |
| TOP OF THE 8TH |
|
Fort Myers Palms batting - Pitching for Pompano Beach Stingrays : RHP Julian Gonzalez
|
|
Now in RF: Kenneth Feinberg
|
|
|
Batting: LHB Gus Burgess
|
0-0: Ball 1-0: Foul Ball, location: 2F 1-1: Called Strike 1-2: Fly out, F8 (Flyball, 78D, EV 81.9 MPH)
|
|
Batting: RHB Matt Sinatro
|
0-0: Ball 1-0: Foul Ball, location: 2F 1-1: Swinging Strike 1-2: Fly out, F7 (Flyball, 78S, EV 83.8 MPH)
|
|
Batting: RHB Lindon Duncan
|
0-0: Called Strike 0-1: Fly out, F5 (Flyball, 5D, EV 86.3 MPH)
|
| Top of the 8th over - 0 runs, 0 hits, 0 errors, 0 left on base; Fort Myers 2 - Pompano Beach 15 |
| BOTTOM OF THE 8TH |
|
Pompano Beach Stingrays batting - Pitching for Fort Myers Palms : RHP Steve Dunnegan
|
|
Batting: RHB William Waag
|
0-0: Fly out, F9 (Line Drive, 9, EV 92.5 MPH)
|
|
Batting: RHB Whitney Harry
|
0-0: Fly out, F7 (Flyball, 7S, EV 79.4 MPH)
|
|
Batting: RHB Jorge Villalobos
|
0-0: Ball 1-0: Ball 2-0: Called Strike 2-1: Called Strike 2-2: Reached via error on a dropped throw from 1B, E1 (Groundball, 34, EV 88.8 MPH)
|
|
Batting: SHB Gene Roof
|
0-0: Ball 1-0: Called Strike 1-1: Fly out, F9 (Line Drive, 9D, EV 90.0 MPH)
|
| Bottom of the 8th over - 0 runs, 0 hits, 1 error, 1 left on base; Fort Myers 2 - Pompano Beach 15 |
| TOP OF THE 9TH |
|
Fort Myers Palms batting - Pitching for Pompano Beach Stingrays : RHP Julian Gonzalez
|
|
Pinch Hitting: RHB Jim Bishop
|
0-0: Called Strike 0-1: Ball 1-1: Swinging Strike 1-2: Ball 2-2: Ground out 4-3 (Groundball, 34, EV 98.8 MPH)
|
|
Batting: RHB Carl Nichols
|
0-0: Called Strike 0-1: Foul Ball, location: 2F 0-2: Foul Ball, location: 2F 0-2: Ball 1-2: Foul Ball, location: 2F 1-2: Fly out, F7 (Line Drive, 7, EV 101.3 MPH)
|
|
Batting: RHB Tim Brown
|
0-0: Called Strike 0-1: Called Strike 0-2: Foul Ball, location: 2F 0-2: Strikes out looking
|
| Top of the 9th over - 0 runs, 0 hits, 0 errors, 0 left on base; Fort Myers 2 - Pompano Beach 15 |
|